 Dungeon Crawl Stone Soup version 0.29.1-15-g9cfb28693d (webtiles) character file.

Game seed: 10740161679954808453

46393 Calibrex the Severer (level 14, -3/127 HPs)
             Began as a Minotaur Fighter on Mar 25, 2023.
             Was a High Priest of Okawaru.
             Killed from afar by a rime drake (14 damage)
             ... with a flash freeze
             ... on level 5 of the Lair of Beasts.
             The game lasted 01:12:59 (17300 turns).

Calibrex the Severer (Minotaur Fighter)            Turns: 17300, Time: 01:13:00

Health: -3/127     AC: 20    Str: 25    XL:     14   Next: 4%
Magic:  15/18      EV: 10    Int:  5    God:    Okawaru [*****.]
Gold:   742        SH: 10    Dex: 11    Spells: 13/13 levels left

rFire   . . .      SeeInvis +   L - +14 obsidian axe {vorpal, Mesm Drain Fly SInv}
rCold   + . .      Faith    .   z - +3 warlock's mirror {reflect}
rNeg    . . .      Spirit   .   k - quicksilver dragon scales
rPois   +          Reflect  +   (helmet restricted)
rElec   .          Harm     .   o - +0 cloak
rCorr   .          Rampage  .   g - +0 pair of gloves
Will    ++...                   b - +2 pair of boots
Stlth   +.........              (no amulet)
HPRegen 0.31/turn               p - ring of protection from cold
MPRegen 0.16/turn               t - ring of poison resistance

@: finesse-ful, flying, mesmerised, studying Throwing
A: horns 2, retaliatory headbutt
a: Renounce Religion, Heroism, Finesse, Duel


You were on level 5 of the Lair of Beasts.
You worshipped Okawaru.
Okawaru was extremely pleased with you.
You visited 3 branches of the dungeon, and saw 16 of its levels.
You also visited: Bailey.

You collected 942 gold pieces.
You spent 200 gold pieces at shops.

Inventory:

Hand Weapons
 i - a +1 broad axe of venom
 L - the +14 obsidian axe (weapon) {vorpal, Mesm Drain Fly SInv}
   (Okawaru gifted it to you on level 1 of the Lair of Beasts)

   It inflicts extra damage upon your enemies.
   It occasionally summons demons to assist the wielder when it strikes in
   combat.
   Its wielder is mesmerised by any visible foes.
   It cannot be unequipped while any foes are visible.
   SInv:      It lets you see invisible.
   Fly:       It grants you flight.
   Drain:     It drains your maximum health when unequipped.
Missiles
 e - a boomerang (quivered)
 h - a javelin
 q - 7 throwing nets
 u - 12 poisoned darts
 y - an atropa-tipped dart
 E - 2 silver boomerangs
 P - 5 silver javelins
Armour
 a - a +0 kite shield
 b - a +2 pair of boots (worn)
 g - a +0 pair of gloves (worn)
 k - quicksilver dragon scales (worn)
 o - a +0 cloak (worn)
 z - the +3 warlock's mirror (worn) {reflect}
   (You acquired it on level 9 of the Dungeon)

   It can block and reflect piercing ranged attacks and magical attacks against
   the wielder's willpower.
 R - +0 fire dragon scales
Jewellery
 d - a ring of see invisible
 p - a ring of protection from cold (left hand)
 t - a ring of poison resistance (right hand)
Wands
 c - a wand of acid (13)
 j - a wand of polymorph (4)
 n - a wand of roots (6)
 v - a wand of flame (23)
 G - a wand of paralysis (8)
Scrolls
 f - a scroll of blinking
 m - 2 scrolls of enchant weapon
 s - 6 scrolls of teleportation
 w - 2 scrolls of fog
 x - a scroll of fear
 F - 3 scrolls of identify
 H - a scroll of amnesia
 J - a scroll of magic mapping
Potions
 l - 2 potions of brilliance
 r - a potion of lignification
 A - 4 potions of magic
 B - 3 potions of mutation
 C - 2 potions of flight
 I - 2 potions of resistance {unknown}
 K - 2 potions of curing
 M - a potion of berserk rage {unknown}
 N - a potion of ambrosia
 O - 4 potions of heal wounds
Miscellaneous
 D - a phial of floods (inert)


   Skills:
 + Level 12.7 Fighting
 * Level 16.5 Axes
 - Level 10.0 Throwing
 + Level 12.7 Armour
 + Level 12.9 Shields
 + Level 7.7 Invocations


You had 13 spell levels left.
You didn't know any spells.
Your spell library contained the following spells:

 Spells                   Type           Power      Damage    Failure   Level
 Freeze                   Ice            0%         1d3       65%         1
 Magic Dart               Conj           0%         1d3       65%         1
 Necrotise                Necr           0%         1d4       65%         1
 Searing Ray              Conj           0%         2d4       78%         2
 Dazzling Flash           Conj/Hex       0%         N/A       95%         3
 Frozen Ramparts          Ice            0%         1d1       95%         3
 Gell's Gravitas          Tloc           0%         N/A       95%         3
 Stone Arrow              Conj/Erth      0%         3d7       95%         3
 Teleport Other           Tloc           0%         N/A       95%         3
 Vampiric Draining        Necr           0%         2d6       95%         3
 Fulminant Prism          Conj/Hex       0%         3d6       100%        4
 Hailstorm                Conj/Ice       0%         3d3       100%        4
 Iskenderun's Mystic Bla  Conj/Tloc      0%         2d3       100%        4
 Agony                    Necr           0%         N/A       100%        5
 Iskenderun's Battlesphe  Conj           0%         2d6       100%        5
 Dispersal                Tloc           0%         N/A       100%        6
 Iron Shot                Conj/Erth      0%         9d1       100%        6
 Starburst                Conj/Fire      0%         6d3       100%        6
 Lehudib's Crystal Spear  Conj/Erth      0%         10d2      100%        8
 Animate Armour           Summ/Erth      Unusable   N/A       N/A         4
 Spellforged Servitor     Conj/Summ      Unusable   N/A       N/A         7

Dungeon Overview and Level Annotations

Branches:
Dungeon (11/15)            Temple (1/1) D:4            Lair (3/5) D:8
  Swamp (0/4) Lair:2       Bailey (visited)
  Snake: Lair:2-3    Spider: Lair:2-3       Orc: D:9-12

Altars:
Ashenzari
Cheibriados
Dithmenos
Elyvilon
Fedhas
Gozag
Hepliaklqana
Kikubaaqudgha
Makhleb
Nemelex Xobeh
Okawaru
Qazlal
Ru
Sif Muna
Trog
Uskayaw
Vehumet
Wu Jian
Xom
Yredelemnul
Zin
The Shining One

Shops:
D:8 *?   D:9 ?   D:10 [*=[

Portals:
Abyss: D:4

Annotations:
D:4 2 transporters, Beryl's ghost, amateur MiHu
Lair:3 2 runed translucent doors, devnull's ghost, journeyman MfGl


Innate Abilities, Weirdness & Mutations

You have a pair of horns on your head.
You reflexively headbutt those who attack you in melee.


Message History

The poisoned dart closely misses the cane toad.
Throw: 8 darts (poison)
Press: ? - help, Q - select action, (/) - cycle Shift-Dir - straight line, f/p - cane toad
Aim: a cane toad (mesmerising, 74% to hit)
You throw a poisoned dart.
The poisoned dart barely misses the cane toad.
Throw: 7 darts (poison)
Press: ? - help, Q - select action, (/) - cycle Shift-Dir - straight line, f/p - cane toad
Aim: a cane toad (mesmerising, 74% to hit)
You throw a poisoned dart. The poisoned dart hits the cane toad!!
Unknown command.
Throw: 2 boomerangs
Press: ? - help, Q - select action, (/) - cycle Shift-Dir - straight line, f/p - cane toad
Aim: a cane toad (mesmerising, 74% to hit)
You throw a boomerang.
The boomerang hits the cane toad but does no damage.
Throw: boomerang
Press: ? - help, Q - select action, (/) - cycle Shift-Dir - straight line, f/p - cane toad
Aim: a cane toad (mesmerising, 74% to hit)
You throw a boomerang. The boomerang hits the cane toad.
The cane toad is lightly wounded.
You slice the cane toad!! You headbutt the cane toad.
You are no longer entranced.
You kill the cane toad!
Okawaru accepts your kill.
You see here a cane toad corpse.
u - 7 poisoned darts (gained 1)
u - 9 poisoned darts (gained 2)
u - 10 poisoned darts (gained 1)
u - 12 poisoned darts (gained 2)
You see here a cane toad corpse.
You start resting.
You feel like a meek peon again.
You start resting.
A rime drake comes into view.
Visions of slaying the rime drake flood into your mind.
The rime drake hisses angrily.
The rime drake breathes ice at you. The flash freeze hits you!
You partially resist.
You die...

................................#
.......÷...#....................#
.................................
#.......#......?[................
...#...P.........[...............
..#.#..............†...........(.
#.P..............................
.................................
P....#........†.@................
..#.........#††..†............
..........<....†.............
#............................
.........................
.........................
..P....[.................
P..k....................
.##.....................


You could see a rime drake (mesmerising, catching breath).

Vanquished Creatures
  A fire dragon (Lair:5)
  12 hydras
  2 two-headed ogres
  A catoblepas (Lair:5)
  3 lindwurms (Lair:2)
  A cyclops (D:8)
  8 elephants
  2 torpor snails
  5 black mambas
  9 cane toads
  7 komodo dragons
  A kobold demonologist (D:9)
  16 rime drakes
  2 slime creatures
  13 blink frogs
  3 dream sheep (Lair:2)
  Sigmund (D:4)
  A vampire (D:9)
  5 spriggans (Bailey)
  2 wraiths
  4 wyverns
  42 yaks
  4 basilisks
  Grum (D:8)
  17 steam dragons
  Menkaure (D:4)
  An acid dragon (D:10)
  A hell hound (Lair:5)
  4 orc warriors
  A swamp drake (Lair:2)
  2 ice beasts
  13 water moccasins
  A black bear (D:4)
  8 ogres
  5 wolves
  A centaur (D:7)
  3 phantoms
  4 bullfrogs
  A necrophage (D:7)
  2 kobold brigands
  2 scorpions
  4 gnoll sergeants
  16 wights
  A killer bee (D:9)
  A howler monkey (D:6)
  11 jellies
  2 gnoll boudas (D:8)
  8 hounds
  Crazy Yiuf (D:4)
  4 orc priests
  Ijyb (D:4)
  4 iguanas
  8 orc wizards
  5 adders
  32 gnolls
  3 white imps
  An ufetubus (D:5)
  3 dart slugs
  42 orcs
  17 endoplasms
  4 giant cockroaches
  11 goblins
  6 hobgoblins
  12 jackals
  3 quokkas (D:3)
  3 ball pythons
  A bat (D:2)
  2 frilled lizards
  16 kobolds
  5 rats
  A bush (Lair:2)
441 creatures vanquished.

Vanquished Creatures (others)
  24 fungi
  23 plants
47 creatures vanquished.

Grand Total: 488 creatures vanquished

Notes
Turn   | Place    | Note
-------+----------+-------------------------------------------
     0 | D:1      | Calibrex the Minotaur Fighter began the quest for the Orb.
     0 | D:1      | Reached XP level 1. HP: 19/19 MP: 0/0
   242 | D:1      | Reached XP level 2. HP: 27/27 MP: 1/1
   490 | D:1      | Reached skill level 3 in Axes
  1140 | D:2      | Reached XP level 3. HP: 26/33 MP: 2/2
  2103 | D:3      | Reached XP level 4. HP: 40/40 MP: 3/3
  2107 | D:3      | Reached skill level 4 in Axes
  2524 | D:3      | Reached XP level 5. HP: 47/47 MP: 4/4
  3080 | D:4      | Found a transporter.
  3080 | D:4      | Noticed Menkaure
  3082 | D:4      | Noticed a black bear
  3085 | D:4      | Killed Menkaure
  3086 | D:4      | Reached skill level 5 in Axes
  3086 | D:4      | Reached XP level 6. HP: 29/55 MP: 5/5
  3091 | D:4      | Reached skill level 5 in Armour
  3091 | D:4      | Reached skill level 5 in Shields
  3274 | D:4      | Noticed Beryl's ghost (amateur MiHu)
  3309 | D:4      | Reached skill level 5 in Fighting
  3536 | D:4      | Found a one-way gate to the infinite horrors of the Abyss.
  3571 | D:4      | Noticed Ijyb
  3581 | D:4      | Killed Ijyb
  3583 | D:4      | Noticed Sigmund
  3594 | D:4      | Killed Sigmund
  3595 | D:4      | Reached skill level 6 in Axes
  3595 | D:4      | Reached XP level 7. HP: 46/61 MP: 6/6
  3815 | D:4      | Found a runed translucent door.
  3816 | D:4      | Noticed Crazy Yiuf
  3940 | D:4      | Found a transporter.
  4118 | D:4      | Found a staircase to the Ecumenical Temple.
  4127 | Temple   | Entered the Ecumenical Temple
  4561 | Temple   | Became a worshipper of Warmaster Okawaru
  4664 | D:4      | Killed Crazy Yiuf
  4749 | D:5      | Entered Level 5 of the Dungeon
  4789 | D:5      | Reached skill level 7 in Axes
  5418 | D:5      | Reached XP level 8. HP: 70/70 MP: 7/7
  6063 | D:6      | Reached * piety under Okawaru
  6064 | D:6      | Reached skill level 8 in Axes
  6282 | D:6      | Reached skill level 1 in Invocations
  6961 | D:7      | Reached skill level 9 in Axes
  6967 | D:7      | Reached ** piety under Okawaru
  6968 | D:7      | Reached XP level 9. HP: 40/79 MP: 7/9
  7183 | D:7      | Identified the +0 ring mail "Bophish" {rC+ Str+2 SInv}
  7684 | D:7      | Found an ornate altar of the Wu Jian Council.
  8160 | D:8      | Reached skill level 1 in Throwing
  8162 | D:8      | Reached skill level 10 in Axes
  8166 | D:8      | Noticed Grum
  8182 | D:8      | Killed Grum
  8388 | D:8      | Noticed a cyclops
  8461 | D:8      | Killed a cyclops
  8461 | D:8      | Reached *** piety under Okawaru
  8639 | D:8      | Reached XP level 10. HP: 74/88 MP: 11/11
  8797 | D:8      | Found Oteh's Magic Scroll Boutique.
  8897 | D:8      | Found Luejau's Assorted Antiques.
  8905 | D:8      | Bought a tubular pearl ring for 125 gold pieces
  8905 | D:8      | Bought 2 scrolls labelled NUEL RETHROBOER for 50 gold
                  | pieces
  8905 | D:8      | Bought a scroll labelled IKKADO ZENI for 25 gold pieces
  8983 | D:8      | Found a staircase to the Lair.
  9057 | D:8      | HP: 4/88 [poisoned by a gnoll sergeant]
  9674 | D:9      | Acquired the +3 warlock's mirror {reflect}
  9674 | D:9      | Found the +3 warlock's mirror {reflect}
  9692 | D:9      | Reached skill level 11 in Axes
  9954 | D:9      | Found Sikhlio's Magic Scroll Shoppe.
 10033 | D:9      | Reached **** piety under Okawaru
 10187 | D:9      | Received a gift from Okawaru
 10590 | D:9      | Noticed a two-headed ogre
 10610 | D:9      | Killed a two-headed ogre
 10611 | D:9      | Reached skill level 5 in Throwing
 11032 | D:9      | Reached skill level 5 in Invocations
 11158 | D:10     | Entered Level 10 of the Dungeon
 11163 | D:10     | Found Xamiofuy's General Store.
 11284 | D:10     | Found Nitebaith's Jewellery Emporium.
 11334 | D:10     | Found Tomm's Antique Armour Shoppe.
 11427 | D:10     | Found a flagged portal.
 11439 | Bailey   | Entered a bailey
 11462 | Bailey   | Reached skill level 12 in Axes
 11488 | Bailey   | HP: 3/91 [spriggan/+0 spear (2)]
 11490 | Bailey   | Reached XP level 11. HP: 4/97 MP: 5/13
 11863 | Bailey   | Noticed a two-headed ogre
 11873 | Bailey   | Killed a two-headed ogre
 12377 | D:10     | Found Okhaor's Armour Shoppe.
 12383 | D:10     | Found a burning altar of Makhleb.
 12910 | D:11     | Received a gift from Okawaru
 12920 | D:11     | Reached skill level 13 in Axes
 13133 | Lair:1   | Entered Level 1 of the Lair of Beasts
 13266 | Lair:1   | Reached skill level 10 in Shields
 13278 | Lair:1   | Reached skill level 10 in Armour
 13280 | Lair:1   | Identified the +0 robe of Zitiw {Int+6 Stlth-}
 13355 | Lair:1   | Reached ***** piety under Okawaru
 13356 | Lair:1   | Reached skill level 10 in Fighting
 13612 | Lair:1   | Received a gift from Okawaru
 13612 | Lair:1   | Found the +14 obsidian axe {vorpal, Mesm Drain Fly SInv}
 14049 | Lair:2   | Reached XP level 12. HP: 100/106 MP: 11/14
 14056 | Lair:2   | Reached skill level 14 in Axes
 14074 | Lair:2   | Received a gift from Okawaru
 14105 | Lair:2   | Found a staircase to the Swamp.
 14312 | Lair:2   | Noticed an eight-headed hydra
 14327 | Lair:2   | Killed a nine-headed hydra
 14886 | Lair:2   | Noticed a four-headed hydra
 14895 | Lair:2   | Killed an eight-headed hydra
 15030 | Lair:2   | Received a gift from Okawaru
 15646 | Lair:3   | Noticed devnull's ghost (journeyman MfGl)
 15646 | Lair:3   | Found a runed translucent gate.
 15646 | Lair:3   | Found a runed translucent gate.
 15709 | Lair:3   | You are sucked into a shaft and drop 2 floors!
 15709 | Lair:5   | Entered Level 5 of the Lair of Beasts
 15713 | Lair:5   | Reached skill level 10 in Throwing
 15719 | Lair:5   | Noticed a four-headed hydra
 15724 | Lair:5   | Noticed a seven-headed hydra
 15727 | Lair:5   | Killed a six-headed hydra
 15727 | Lair:5   | Received a gift from Okawaru
 15734 | Lair:5   | Killed a nine-headed hydra
 15736 | Lair:5   | Identified the +2 robe of Midwinter {-Tele rPois Dex+4}
                  | (Okawaru gifted it to you on level 5 of the Lair of Beasts)
 15736 | Lair:5   | Received a gift from Okawaru
 15743 | Lair:5   | Reached XP level 13. HP: 104/116 MP: 9/16
 15836 | Lair:5   | Reached skill level 15 in Axes
 16404 | Lair:5   | Identified the +3 scale mail of Yshruvul {Fly Int+4 Slay+2
                  | Stlth+} (Okawaru gifted it to you on level 5 of the Lair of
                  | Beasts)
 16404 | Lair:5   | Received a gift from Okawaru
 16415 | Lair:5   | Noticed a fire dragon
 16422 | Lair:5   | HP: 1/118 [fire dragon (8)]
 16528 | Lair:5   | Reached skill level 16 in Axes
 17194 | Lair:5   | Killed a fire dragon
 17237 | Lair:5   | Reached XP level 14. HP: 12/127 MP: 12/18
 17251 | Lair:5   | HP: 1/127 [hell hound/blast of flame (15)]
 17259 | Lair:5   | HP: 1/127 [11-headed hydra (3)]
 17300 | Lair:5   | Killed from afar by a rime drake

Illustrated notes

Levels and vault maps discovered:
D:1:      dpeg_arrival_circle_labyrinth_a, layout_basic, minmay_pentomino_r2
D:2:      layout_loops_ring, kennysheep_flooded_box, minmay_misc_feat_five,
          hangedman_decor_points, chequers_serial_rivers_small_b,
          kennysheep_pointless_box
D:3:      layout_loops_corners, serial_glass, glass_columns_c, glass_columns_c,
          nrook_loot_triangle
D:4:      layout_loops_ring, minmay_temple_entry_enclosed_plants,
          gammafunk_ghost_abyssal_escape, uniq_crazy_yiuf_cottage, uniq_sigmund,
          uniq_menkaure, uniq_ijyb
D:5:      layout_loops_ring, chequers_serial_rivers_micro_a,
          grunt_decor_junction, chequers_mini_garden,
          minmay_misc_feat_secret_circle, serial_bayou_pond_a
D:6:      layout_cave_pools
D:7:      layout_basic, mainiacjoe_overflow_alcove_2, minmay_manual_macuahuitl
D:8:      layout_cave_pools, lair_entry_dummy, serial_gnoll_camp,
          gnoll_camp_mini_shop, gnoll_camp_medium_02, gnoll_camp_mini_hut,
          gnoll_camp_medium_01, serial_shops, nicolae_square_shop, uniq_grum
D:9:      layout_small_grid, serial_shops, nicolae_shop_crystal, minmay_puff
D:10:     layout_basic, bloody_makhleb, enter_bailey_3, serial_shops, shop,
          nicolae_shop_trees, nicolae_diamond_shop, shop_coins
D:11:     layout_stronghold, david_orc_2, minivault_16
Temple:   mainiacjoe_temple_big_plus
Lair:1:   layout_long_grid, grunt_megastairs_3
Lair:2:   lemuel_slime, layout_loops_ring, minmay_swamp_entry_reptiles,
          nicolae_lair_lindhole
Lair:3:   layout_chaotic_city, nicolae_spider_entry_non_spiders,
          gammafunk_ghost_hydra_chop
Lair:5:   evil_forest, layout_cave_shapes, bobbens_dragon_lair_wall,
          grunt_megastairs_1, serial_bayou_shore_b

Skill      XL: |  1  2  3  4  5  6  7  8  9 10 11 12 13 |
---------------+----------------------------------------+-----
Axes           | 3 4 5 6 7 9 10 12 13 14 16 | 16.5
Fighting       | 4 5 6 7 8 9 10 11 12 | 12.7
Armour         | 4 5 6 7 8 9 10 11 12 | 12.7
Shields        | 4 5 6 7 8 9 10 11 12 | 12.9
Invocations    | 2 3 5 6 7 |  7.7
Throwing       | 3 5 8 10 | 10.0

Action                   |  1- 3 |  4- 6 |  7- 9 | 10-12 | 13-15 || total
-------------------------+-------+-------+-------+-------+-------++-------
Melee: War axe           |    88 |    96 |   175 |       |       ||   359
       Headbutt          |    11 |    10 |    51 |    89 |    35 ||   196
       Broad axe         |       |       |    62 |   402 |   148 ||   612
Throw: Dart              |       |     3 |     6 |       |     6 ||    15
       Boomerang         |       |       |     5 |    54 |    28 ||    87
       Javelin           |       |       |       |     1 |       ||     1
Invok: Heroism           |       |       |     8 |    28 |    10 ||    46
       Finesse           |       |       |       |     3 |     5 ||     8
Evoke: Wand              |       |     5 |       |    16 |     8 ||    29
       Phial of floods   |       |       |       |     1 |     1 ||     2
  Use: Scroll            |       |     9 |     7 |    12 |     4 ||    32
       Potion            |       |     3 |     2 |     2 |     2 ||     9
 Stab: Distracted        |       |       |       |     1 |       ||     1
Armor: Scale mail        |    57 |    13 |       |       |       ||    70
       Chain mail        |       |    35 |   140 |    83 |       ||   258
       Quicksilver drago |       |       |       |   107 |   110 ||   217
Dodge: Dodged            |    53 |    25 |    80 |   138 |    73 ||   369
Block: Buckler           |    21 |    27 |    46 |   159 |   101 ||   354
       Kite shield       |       |       |    28 |    60 |       ||    88
       Reflection        |       |       |       |     5 |    11 ||    16
